 Dungeon Crawl Stone Soup version 0.28.0-45-g0d030f2227 (webtiles) character file.

Game seed: 6545075083369982969

81 seaoflcl the Covered (level 4, -1/35 HPs)
             Began as a Human Fighter on Apr 10, 2022.
             Was an Initiate of Yredelemnul.
             Succumbed to an adder's poison
             ... on level 3 of the Dungeon.
             The game lasted 00:03:01 (1462 turns).

seaoflcl the Covered (Human Fighter)                Turns: 1462, Time: 00:03:02

Health: -1/35      AC:  6    Str: 18    XL:     4   Next: 68%
Magic:  4/4        EV:  9    Int:  9    God:    Yredelemnul [......]
Gold:   95         SH:  4    Dex: 12    Spells: 3/3 levels left

rFire   . . .      SeeInvis .   a - +0 long sword
rCold   . . .      Faith    .   c - +0 buckler
rNeg    . . .      Spirit   .   b - +0 scale mail
rPois   .          Reflect  .   (no helmet)
rElec   .          Harm     .   (no cloak)
rCorr   +          Rampage  .   (no gloves)
Will    .....                   (no boots)
Stlth   ..........              (no amulet)
HPRegen 0.11/turn               l - ring of resist corrosion
MPRegen 0.09/turn               (no ring)

@: lethally poisoned (-1 -> -12)
A: no striking features
a: Renounce Religion, Recall Undead Harvest


You were on level 3 of the Dungeon.
You worshipped Yredelemnul.
Yredelemnul was noncommittal.
You visited 1 branch of the dungeon, and saw 3 of its levels.

You collected 95 gold pieces.

Inventory:

Hand Weapons
 a - a +0 long sword (weapon)
Missiles
 e - 42 sling bullets
Armour
 b - a +0 scale mail (worn)
 c - a +0 buckler (worn)
Jewellery
 l - a ring of resist corrosion (left hand)
Scrolls
 g - 2 scrolls of identify {unknown}
 i - a scroll of enchant weapon {unknown}
 j - a scroll of fear {unknown}
Potions
 d - 2 potions of might
 f - a potion of flight {unknown}
 h - a potion of lignification {unknown}
 k - a potion of curing {unknown}


   Skills:
 + Level 3.4 Fighting
 + Level 3.1 Long Blades
 + Level 3.6 Armour
 + Level 0.1 Dodging
 + Level 0.1 Stealth
 + Level 3.4 Shields


You had 3 spell levels left.
You didn't know any spells.
Your spell library contained the following spells:

 Spells                   Type           Power      Damage    Failure   Level
 Summon Small Mammal      Summ           0%         N/A       86%         1
 Call Canine Familiar     Summ           0%         N/A       99%         3
 Summon Guardian Golem    Hex/Summ       0%         N/A       99%         3


Dungeon Overview and Level Annotations

Branches:
Dungeon (3/15)

Altars:
Yredelemnul


Message History

You closely miss the adder.
You feel sick. The adder barely misses you.
You hit the adder.
The adder is heavily wounded.
You feel sick. The adder bites you.
You are more poisoned.
The adder poisons you! The adder closely misses you.
You slash the adder!
You kill the adder!
You feel very sick.
You feel sick. The adder bites you.
You are more poisoned.
The adder poisons you!
You feel sick. The adder bites you but does no damage.
The adder closely misses you.
You barely miss the adder.
You feel sick. The adder bites you.
You hit the adder.
The adder is severely wounded.
You feel sick. The adder bites you. The adder closely misses you.
You barely miss the adder.
The adder is severely wounded.
You feel sick. The adder closely misses you.
You miss the adder.
The adder is severely wounded.
You feel sick. You block the adder's attack. The adder bites you.
* * * LOW HITPOINT WARNING * * *
You are lethally poisoned!
The adder poisons you!
You barely miss the adder.
The adder is severely wounded.
* * * LOW HITPOINT WARNING * * *
You feel sick. You block the adder's attack. The adder closely misses you.
You barely miss the adder.
The adder is heavily wounded.
* * * LOW HITPOINT WARNING * * *
You feel sick. The adder bites you.
* * * LOW HITPOINT WARNING * * *
You are more poisoned.
The adder poisons you! The adder bites you but does no damage.
You die...
Your body rises from the dead as a mindless zombie.

##### .........#
.# .........# .#
......... #.#
.......####..#
.......#...#####
##.............
##.....@......##
#........>.....#
#..<....S......#
#..............#
#..............#
#........$......
##............##
##..........##
############


You could see an adder.

Vanquished Creatures
  2 adders
  A worm (D:2)
  A dart slug (D:2)
  2 ball pythons (D:1)
  4 endoplasms
  A giant cockroach (D:2)
  5 goblins
  3 hobgoblins
  2 jackals (D:2)
  2 kobolds
  2 quokkas (D:1)
  4 bats
  A frilled lizard (D:2)
  7 rats
37 creatures vanquished.

Vanquished Creatures (collateral kills)
  An adder (D:2)
  A dart slug (D:2)
  A ball python (D:2)
  A hobgoblin (D:2)
  2 jackals (D:2)
  A frilled lizard (D:2)
7 creatures vanquished.

Vanquished Creatures (others)
  A ball python zombie (D:2)
  A frilled lizard zombie (D:2)
  A jackal zombie (D:2)
3 creatures vanquished.

Grand Total: 47 creatures vanquished

Notes
Turn   | Place    | Note
-------+----------+-------------------------------------------
     0 | D:1      | seaoflcl the Human Fighter began the quest for the Orb.
     0 | D:1      | Reached XP level 1. HP: 18/18 MP: 1/1
   183 | D:1      | Reached XP level 2. HP: 20/24 MP: 2/2
   684 | D:2      | Reached XP level 3. HP: 27/29 MP: 3/3
   744 | D:2      | Found a faded altar of an unknown god.
   769 | D:2      | Prayed at the altar of an unknown god.
   769 | D:2      | Became a worshipper of Yredelemnul the Dark
   769 | D:2      | Reached * piety under Yredelemnul
   811 | D:2      | Reached XP level 4. HP: 20/35 MP: 4/4
  1006 | D:2      | Reached ** piety under Yredelemnul
  1462 | D:3      | Succumbed to an adder's poison

Illustrated notes

Levels and vault maps discovered:
D:1:      amcnicky_arrival_abandoned_market, layout_basic, glass_columns_a,
          minmay_octomino_e4
D:2:      layout_loops_cross, ebering_ecumenical_altar_mist
D:3:      layout_rooms, hex_intersection, minmay_misc_feat_five,
          minmay_misc_feat_chi, serial_bayou_lake_a, uniq_crazy_yiuf_cottage

Skill      XL: |  1  2  3  4 |
---------------+-------------+-----
Long Blades    | 3 |  3.1
Fighting       | |  3.4
Armour         | |  3.6
Dodging        | |  0.1
Stealth        | |  0.1
Shields        | |  3.4

Action                   |  1- 3 |  4- 6 || total
-------------------------+-------+-------++-------
Melee: Long sword        |    59 |    43 ||   102
 Stab: Distracted        |     1 |       ||     1
Armor: Scale mail        |    39 |    17 ||    56
Dodge: Dodged            |    34 |    23 ||    57
Block: Buckler           |    13 |     7 ||    20
